AoeStats
← OM | Kerry Copyto

Arabia

503209786Analyzed
1v1 RM · 1mo ago on Aug 30, 2026· 29m 5s· 2 players
Game mode
Random Map
Map size
Tiny (2 player)
Population
200
Speed
Normal
Resources
Standard
Victory
Conquest
Starting age
Dark Age
Ending age
Imperial Age
RankedLock teamsTeams togetherTeam positionsShared explorationLock speedFull tech treeHidden civsTurbo modeCheats
Victory
Defeat
🇲🇽 Vietnamese · Mexico
1130
+17
🇦🇷 Franks · Argentina
1155
-17
OM | Kerry Copyto
7:06 Loom
9:11 Feudal Age
9:59 Double-Bit Axe
12:56 Fletching
18:17 Padded Archer Armor
23:47 Castle Age
23:52 Crossbowman
24:38 Thumb Ring
24:29 Bodkin Arrow
24:50 Leather Archer Armor
26:53 Ballistics
28:31 Bow Saw
28:03 Horse Collar
Nerf Flanders
7:09 Loom
9:45 Feudal Age
10:42 Double-Bit Axe
14:44 Scale Barding Armor
18:50 Wheelbarrow
19:31 Padded Archer Armor
19:23 Fletching
21:32 Forging
23:38 Castle Age
21:35 Town Watch
23:48 Town Watch
23:39 Elite Skirmisher
24:36 Leather Archer Armor
24:16 Bodkin Arrow
24:35 Husbandry
25:04 Bow Saw
26:11 Forging
27:34 Chain Barding Armor
Connection lost

Rejoining the realm…

Still unreachable

The connection could not be restored.

Session expired

The server has moved on; the page needs a fresh start.